San Jose Sharks vs Boston Bruins
Created - Monday, October 27, 2025 at 07:27
Goals
|
| San Jose Sharks |
2 |
0 |
1 |
3 |
| Boston Bruins |
2 |
0 |
3 |
5 |
|
Shots
|
| San Jose Sharks |
11 |
8 |
20 |
39 |
| Boston Bruins |
10 |
6 |
19 |
35 |
|
1st period
1. Boston Bruins , Alex Laferriere 31 (Vladimir Tarasenko 32, Ryan Strome 38) at 7:48
2. Boston Bruins , Fabian Lysell 1 (Sam Colangelo 10, Ty Emberson 18) at 8:44
3. San Jose Sharks , Carter Verhaeghe 29 (Alexander Wennberg 47, Marcus Pettersson 19) at 17:29
4. San Jose Sharks , Brandon Tanev 6 (Danton Heinen 5) at 18:33
Penalties :
No Penalty
2nd period
No Goal
Penalties :
Connor Murphy (SJS) for Hooking (Minor) at 6:38, Mark Kastelic (BOS) for Delaying the game (Minor) at 11:42
3rd period
5. San Jose Sharks , Max Domi 18 (Andre Burakovsky 25, Adam Henrique 24) at 2:02
6. Boston Bruins , Alex Laferriere 32 (Jaden Schwartz 47, Jake Neighbours 35) at 10:46 (PP)
7. Boston Bruins , Maxim Tsyplakov 22 (Vladimir Tarasenko 33) at 11:28 (PP)
8. Boston Bruins , Beck Malenstyn 6 (Sam Colangelo 11, Victor Mancini 2) at 16:50
Penalties :
Rasmus Sandin (BOS) for Cross-checking (Minor) at 4:37, Connor Murphy (SJS) for Boarding (Minor) at 9:13, Connor Murphy (SJS) for Tripping (Minor) at 11:24, Mark Kastelic (BOS) for Cross-checking (Minor) at 14:25
Goalie Stats
Jacob Markstrom (SJS), 30 saves from 35 shots - (0.857), L, 14-16-3, 60:00 minutes
Leevi Merilainen (BOS), 36 saves from 39 shots - (0.923), W, 14-9-1, 60:00 minutes
Players Stats for San Jose Sharks
Player Name G A P +/- PIM S H SB GA TA FO MP PP MP PK MP
------------------------------------------------------------------------------------
Adam Henrique 0 1 1 0 0 0 1 0 0 0 8/16 18:15 3:07 1:49
Alexander Wennberg 0 1 1 1 0 9 0 1 1 1 13/26 19:39 1:52 1:49
Andre Burakovsky 0 1 1 0 0 2 0 1 1 1 0/1 16:18 3:07 0:00
Anthony Beauvillier 0 0 0 -2 0 0 0 0 0 0 0/0 11:59 0:22 0:00
Brandon Tanev 1 0 1 1 0 5 0 0 1 0 0/0 10:39 0:58 0:00
Carter Verhaeghe 1 0 1 1 0 4 0 0 3 1 0/0 19:22 1:51 1:47
Connor Murphy 0 0 0 0 6 1 2 1 0 2 0/0 24:02 2:40 0:00
Danton Heinen 0 1 1 0 0 1 0 0 1 2 0/1 9:51 0:00 0:00
Ilya Mikheyev 0 0 0 -1 0 1 1 0 1 0 0/0 12:32 0:59 0:00
Jon Merrill 0 0 0 0 0 0 0 0 0 2 0/0 16:05 0:00 1:44
Josh Manson 0 0 0 0 0 0 1 0 1 1 0/0 19:53 3:17 1:55
Justin Barron 0 0 0 0 0 1 0 0 0 1 0/0 19:08 2:40 1:52
Kevin Fiala 0 0 0 1 0 5 0 0 0 0 1/3 19:29 1:52 1:47
Marcus Pettersson 0 1 1 0 0 3 1 1 0 1 0/0 26:21 3:17 1:41
Mark Jankowski 0 0 0 1 0 0 0 0 0 0 2/3 10:17 0:36 0:00
Mattias Samuelsson 0 0 0 0 0 2 0 0 0 1 0/0 14:36 0:00 0:00
Max Domi 1 0 1 0 0 3 2 1 0 1 0/1 16:18 3:07 0:00
Morgan Geekie 0 0 0 -2 0 2 0 0 0 0 7/14 11:37 0:00 0:00
Players Stats for Boston Bruins
Player Name G A P +/- PIM S H SB GA TA FO MP PP MP PK MP
------------------------------------------------------------------------------------
Adam Wilsby 0 0 0 -1 0 0 2 3 0 1 0/0 17:49 0:00 3:20
Alex Laferriere 2 0 2 -1 0 6 1 1 2 0 1/1 18:55 2:05 2:53
Beck Malenstyn 1 0 1 2 0 3 2 0 2 0 0/0 9:34 0:00 0:00
Fabian Lysell 1 0 1 2 0 2 2 0 1 0 0/0 9:34 0:00 0:00
Jaden Schwartz 0 1 1 -1 0 3 1 1 0 0 15/30 16:02 2:05 0:07
Jake Neighbours 0 1 1 -1 0 1 0 0 1 0 1/1 19:12 2:05 2:57
Joel Farabee 0 0 0 -1 0 4 0 0 0 0 0/0 13:34 0:00 0:00
John Marino 0 0 0 0 0 0 0 4 0 1 0/0 20:42 2:01 3:18
Mark Kastelic 0 0 0 -1 4 0 0 2 1 0 6/10 13:52 0:00 0:00
Maxim Tsyplakov 1 0 1 0 0 2 2 0 2 0 0/0 14:33 1:31 0:00
Rasmus Sandin 0 0 0 -1 2 2 3 2 0 1 0/0 24:44 2:01 1:47
Ryan Strome 0 1 1 0 0 1 1 0 0 0 7/13 17:33 1:31 2:53
Sam Colangelo 0 2 2 2 0 3 0 0 3 0 3/6 9:34 0:00 0:00
Ty Emberson 0 1 1 0 0 3 3 0 0 2 0/0 23:40 1:35 2:08
Urho Vaakanainen 0 0 0 0 0 1 1 0 0 1 0/0 17:13 1:35 0:31
Victor Mancini 0 1 1 2 0 0 0 0 0 2 0/0 15:58 0:00 0:50
Viktor Arvidsson 0 0 0 -1 0 1 1 0 0 0 0/0 13:50 0:00 0:10
Vladimir Tarasenko 0 2 2 0 0 3 0 0 2 1 1/4 17:41 1:31 2:54
3 Stars
1 - Alex Laferriere (BOS)
2 - Fabian Lysell (BOS)
3 - Beck Malenstyn (BOS)
Power Play
San Jose Sharks - 0 on 3 Attempt(s) - 0.00%
Boston Bruins - 2 on 3 Attempt(s) - 66.67%
Penalty Kill
San Jose Sharks - 1 on 3 Attempt(s) - 33.33%
- Score 0 goal in Penalty Kill
Boston Bruins - 3 on 3 Attempt(s) - 100.00%
- Score 0 goal in Penalty Kill
Team Stat
San Jose Sharks - Hits : 8 - Faceoff Wins : 31 - Blocked Shots : 5 - Penalty Minutes : 6
Boston Bruins - Hits : 19 - Faceoff Wins : 34 - Blocked Shots : 13 - Penalty Minutes : 6
Official
Referees : Jean Hebert and Jake Brenk
Linesman : Jonny Murray and Joseph Mahon
Game Notes
No Game Note
Finance
Level 1 -- Attendance: 4790 (79.83%) -- Ticket Income $479,000
Level 2 -- Attendance: 3631 (72.62%) -- Ticket Income $217,860
Level 3 -- Attendance: 2211 (73.70%) -- Ticket Income $77,385
Level 4 -- Attendance: 3242 (64.84%) -- Ticket Income $81,050
Luxury Box -- Attendance: 801 (80.10%) -- Ticket Income $160,200
Game was played at the TD Garden.
Total Attendance: 14675 (73.38%)
Total Ticket Income: $1,015,495
Other Income: $355,423
Total Income: $1,370,918
San Jose Sharks
5 vs 5 Forward
Center Left Wing Right Wing Time % Phy DF OF
1 Alexander Wennberg Kevin Fiala Carter Verhaeghe 30 1 2 2
2 Adam Henrique Max Domi Andre Burakovsky 30 1 2 2
3 Morgan Geekie Anthony Beauvillier Ilya Mikheyev 25 1 2 2
4 Mark Jankowski Brandon Tanev Danton Heinen 15 1 2 2
5 vs 5 Defense
Defense Defense Time % Phy DF OF
1 Mattias Samuelsson Connor Murphy 30 1 2 2
2 Jon Merrill Marcus Pettersson 30 1 2 2
3 Josh Manson Justin Barron 25 1 2 2
4 Marcus Pettersson Connor Murphy 15 1 2 2
PowerPlay Forward
Center Left Wing Right Wing Time % Phy DF OF
1 Alexander Wennberg Kevin Fiala Carter Verhaeghe 50 1 2 2
2 Adam Henrique Max Domi Andre Burakovsky 50 1 2 2
PowerPlay Defense
Defense Defense Time % Phy DF OF
1 Justin Barron Connor Murphy 50 1 2 2
2 Josh Manson Marcus Pettersson 50 1 2 2
Penalty Kill 4 Players Forward
Center Wing Time % Phy DF OF
1 Kevin Fiala Carter Verhaeghe 50 1 2 2
2 Alexander Wennberg Adam Henrique 50 1 2 2
Penalty Kill 4 Players Defense
Defense Defense Time % Phy DF OF
1 Josh Manson Connor Murphy 50 1 2 2
2 Justin Barron Marcus Pettersson 50 1 2 2
Penalty Kill - 3 Players Forward
Forward Time % Phy DF OF
1 Kevin Fiala 50 1 2 2
2 Carter Verhaeghe 50 1 2 2
Penalty Kill - 3 Players Defense
Defense Defense Time % Phy DF OF
1 Josh Manson Connor Murphy 50 1 2 2
2 Justin Barron Marcus Pettersson 50 1 2 2
4 vs 4 Forward
Center Wing Time % Phy DF OF
1 Alexander Wennberg Kevin Fiala 50 1 2 2
2 Adam Henrique Carter Verhaeghe 50 1 2 2
4 vs 4 Defense
Defense Defense Time % Phy DF OF
1 Justin Barron Connor Murphy 50 1 2 2
2 Josh Manson Marcus Pettersson 50 1 2 2
Last Minutes Offensive
Center Left Wing Right Wing Defense Defense
Carter Verhaeghe Kevin Fiala Adam Henrique Mattias Samuelsson Connor Murphy
Last Minutes Defensive
Center Left Wing Right Wing Defense Defense
Carter Verhaeghe Kevin Fiala Adam Henrique Mattias Samuelsson Connor Murphy
Goaltenders
Starting : Jacob Markstrom
Backup : Jakub Dobes
Extra Forwards
Normal : Ilya Mikheyev, Kevin Fiala, Anthony Beauvillier - PP : Ilya Mikheyev, Carter Verhaeghe - PK : Anthony Beauvillier
Extra Defensemen
Normal : Josh Manson, Justin Barron, Connor Murphy - PP : Josh Manson - PK : Justin Barron, Connor Murphy
Penalty Shots
Kevin Fiala, Carter Verhaeghe, Alexander Wennberg, Adam Henrique, Max Domi
Scratches
Ryan Johansen (Healthy), Travis Boyd (Healthy), Jake McCabe (Healthy)
Boston Bruins
5 vs 5 Forward
Center Left Wing Right Wing Time % Phy DF OF
1 Jaden Schwartz Jake Neighbours Alex Laferriere 30 1 2 2
2 Ryan Strome Vladimir Tarasenko Maxim Tsyplakov 30 1 2 2
3 Mark Kastelic Joel Farabee Viktor Arvidsson 25 1 2 2
4 Sam Colangelo Beck Malenstyn Fabian Lysell 15 1 2 2
5 vs 5 Defense
Defense Defense Time % Phy DF OF
1 Victor Mancini Ty Emberson 30 1 2 2
2 Rasmus Sandin John Marino 30 1 2 2
3 Urho Vaakanainen Adam Wilsby 25 1 2 2
4 Rasmus Sandin Ty Emberson 15 1 2 2
PowerPlay Forward
Center Left Wing Right Wing Time % Phy DF OF
1 Jaden Schwartz Jake Neighbours Alex Laferriere 50 1 2 2
2 Ryan Strome Vladimir Tarasenko Maxim Tsyplakov 50 1 2 2
PowerPlay Defense
Defense Defense Time % Phy DF OF
1 Urho Vaakanainen Ty Emberson 50 1 2 2
2 Rasmus Sandin John Marino 50 1 2 2
Penalty Kill 4 Players Forward
Center Wing Time % Phy DF OF
1 Vladimir Tarasenko Jake Neighbours 50 1 2 2
2 Alex Laferriere Ryan Strome 50 1 2 2
Penalty Kill 4 Players Defense
Defense Defense Time % Phy DF OF
1 Adam Wilsby Ty Emberson 50 1 2 2
2 Rasmus Sandin John Marino 50 1 2 2
Penalty Kill - 3 Players Forward
Forward Time % Phy DF OF
1 Alex Laferriere 50 1 2 2
2 Jake Neighbours 50 1 2 2
Penalty Kill - 3 Players Defense
Defense Defense Time % Phy DF OF
1 Urho Vaakanainen Ty Emberson 50 1 2 2
2 Rasmus Sandin John Marino 50 1 2 2
4 vs 4 Forward
Center Wing Time % Phy DF OF
1 Joel Farabee Jake Neighbours 50 1 2 2
2 Alex Laferriere Ryan Strome 50 1 2 2
4 vs 4 Defense
Defense Defense Time % Phy DF OF
1 Victor Mancini Ty Emberson 50 1 2 2
2 Rasmus Sandin John Marino 50 1 2 2
Last Minutes Offensive
Center Left Wing Right Wing Defense Defense
Jaden Schwartz Jake Neighbours Alex Laferriere Victor Mancini Ty Emberson
Last Minutes Defensive
Center Left Wing Right Wing Defense Defense
Jaden Schwartz Jake Neighbours Alex Laferriere Victor Mancini Ty Emberson
Goaltenders
Starting : Leevi Merilainen
Backup : Petr Mrazek
Extra Forwards
Normal : Sam Colangelo, Joel Farabee, Viktor Arvidsson - PP : Sam Colangelo, Joel Farabee - PK : Viktor Arvidsson
Extra Defensemen
Normal : Urho Vaakanainen, Adam Wilsby, Rasmus Sandin - PP : Urho Vaakanainen - PK : Adam Wilsby, Rasmus Sandin
Penalty Shots
Viktor Arvidsson, Jake Neighbours, Alex Laferriere, Ryan Strome, Vladimir Tarasenko
Scratches
Aatu Raty (Healthy), Samuel Girard (Healthy), Taylor Raddysh (Back Spasms Injury), Sam Morton (Healthy), Jakob Pelletier (Healthy)
% Time on Ice - San Jose Sharks
Lines # - Real PCT - Wanted PCT - Time Play
Normal Forward
1 - 32% - 30% - 15:55
2 - 27% - 30% - 13:34
3 - 23% - 25% - 11:22
4 - 19% - 15% - 9:36
Normal Defense
1 - 29% - 30% - 14:48
2 - 30% - 30% - 14:54
3 - 28% - 25% - 14:16
4 - 13% - 15% - 6:29
PP Forward
1 - 42% - 50% - 2:31
2 - 58% - 50% - 3:26
PP Defense
1 - 45% - 50% - 2:40
2 - 55% - 50% - 3:17
PK Forward
1 - 50% - 50% - 1:47
2 - 50% - 50% - 1:49
PK Defense
1 - 53% - 50% - 1:55
2 - 47% - 50% - 1:41
PK3 Forward
1 - 0% - 50%
2 - 0% - 50%
PK3 Defense
1 - 0% - 50%
2 - 0% - 50%
44 Forward
1 - 0% - 50%
2 - 0% - 50%
44 Defense
1 - 0% - 50%
2 - 0% - 50%
Last Minute Offensive - 0:00
Last Minute Defensive - 0:00
Total
Forward - 60:00
Defense - 60:00
|
% Time on Ice - Boston Bruins
Lines # - Real PCT - Wanted PCT - Time Play
Normal Forward
1 - 28% - 30% - 14:10
2 - 26% - 30% - 13:09
3 - 27% - 25% - 13:34
4 - 19% - 15% - 9:34
Normal Defense
1 - 30% - 30% - 15:01
2 - 30% - 30% - 15:23
3 - 28% - 25% - 14:08
4 - 12% - 15% - 5:55
PP Forward
1 - 58% - 50% - 2:05
2 - 42% - 50% - 1:31
PP Defense
1 - 44% - 50% - 1:35
2 - 56% - 50% - 2:01
PK Forward
1 - 50% - 50% - 2:57
2 - 50% - 50% - 3:00
PK Defense
1 - 37% - 50% - 2:11
2 - 63% - 50% - 3:46
PK3 Forward
1 - 0% - 50%
2 - 0% - 50%
PK3 Defense
1 - 0% - 50%
2 - 0% - 50%
44 Forward
1 - 0% - 50%
2 - 0% - 50%
44 Defense
1 - 0% - 50%
2 - 0% - 50%
Last Minute Offensive - 0:00
Last Minute Defensive - 0:00
Total
Forward - 60:00
Defense - 60:00
|
Play-by-Play
1st period
0:01 of 1st period - Alexander Wennberg wins face-off versus Jaden Schwartz in neutral zone.
0:12 of 1st period - Snap shot by Alexander Wennberg.
0:12 of 1st period - Stopped by Leevi Merilainen with a rebound.
1:29 of 1st period - Snap shot by Ryan Strome.
1:29 of 1st period - Shot Hit the Post.
1:39 of 1st period - Backhand shot by Brandon Tanev.
1:39 of 1st period - Stopped by Leevi Merilainen without a rebound.
1:40 of 1st period - Adam Henrique wins face-off versus Jaden Schwartz in Boston Bruins zone.
1:43 of 1st period - Snap shot by Andre Burakovsky.
1:43 of 1st period - Shot Misses the Net.
1:47 of 1st period - Snap shot by Andre Burakovsky.
1:47 of 1st period - Shot Misses the Net.
1:49 of 1st period - Slapshot by Marcus Pettersson.
1:49 of 1st period - Stopped by Leevi Merilainen with a rebound.
1:51 of 1st period - Wrist shot by Marcus Pettersson.
1:51 of 1st period - Stopped by Leevi Merilainen without a rebound.
1:52 of 1st period - Mark Kastelic wins face-off versus Alexander Wennberg in Boston Bruins zone.
2:18 of 1st period - Marcus Pettersson is hit by Maxim Tsyplakov and loses puck.
2:43 of 1st period - Snap shot by Andre Burakovsky.
2:43 of 1st period - Shot Blocked by Jaden Schwartz.
3:07 of 1st period - Wrist shot by Sam Colangelo.
3:07 of 1st period - Stopped by Jacob Markstrom without a rebound.
3:08 of 1st period - Mark Kastelic wins face-off versus Alexander Wennberg in San Jose Sharks zone.
3:33 of 1st period - Connor Murphy is hit by Adam Wilsby and loses puck.
3:54 of 1st period - Andre Burakovsky is hit by Alex Laferriere and loses puck.
4:01 of 1st period - Slapshot by Alex Laferriere.
4:01 of 1st period - Deflect By Max Domi.
4:01 of 1st period - Shot Misses the Net.
4:01 of 1st period - Puck is out of play.
4:02 of 1st period - Jaden Schwartz wins face-off versus Alexander Wennberg in San Jose Sharks zone.
4:57 of 1st period - Snap shot by Morgan Geekie.
4:57 of 1st period - Shot Blocked by Rasmus Sandin.
5:18 of 1st period - Slapshot by Brandon Tanev.
5:18 of 1st period - Stopped by Leevi Merilainen without a rebound.
5:19 of 1st period - Jaden Schwartz wins face-off versus Alexander Wennberg in Boston Bruins zone.
5:48 of 1st period - Wrist shot by Vladimir Tarasenko.
5:48 of 1st period - Stopped by Jacob Markstrom with a rebound.
5:50 of 1st period - Snap shot by Urho Vaakanainen.
5:50 of 1st period - Stopped by Jacob Markstrom with a rebound.
5:52 of 1st period - Wrist shot by Ryan Strome.
5:52 of 1st period - Shot Misses the Net.
5:54 of 1st period - Snap shot by Vladimir Tarasenko.
5:54 of 1st period - Shot Misses the Net.
5:56 of 1st period - Slapshot by Ryan Strome.
5:56 of 1st period - Shot Misses the Net.
5:58 of 1st period - Slapshot by Urho Vaakanainen.
5:58 of 1st period - Shot Blocked by Max Domi.
6:38 of 1st period - Slapshot by Brandon Tanev.
6:38 of 1st period - Deflect By Danton Heinen.
6:38 of 1st period - Shot Misses the Net.
6:38 of 1st period - Puck is out of play.
6:39 of 1st period - Sam Colangelo wins face-off versus Alexander Wennberg in Boston Bruins zone.
6:46 of 1st period - Mattias Samuelsson is hit by Beck Malenstyn and loses puck.
7:06 of 1st period - John Marino is hit by Connor Murphy and loses puck.
7:16 of 1st period - Icing by John Marino.
7:17 of 1st period - Morgan Geekie wins face-off versus Ryan Strome in Boston Bruins zone.
7:24 of 1st period - Wrist shot by Ilya Mikheyev.
7:24 of 1st period - Stopped by Leevi Merilainen with a rebound.
7:48 of 1st period - Slapshot by Alex Laferriere.
7:48 of 1st period - Goal by Alex Laferriere - San Jose Sharks : 0 - Boston Bruins : 1.
7:49 of 1st period - Jaden Schwartz wins face-off versus Alexander Wennberg in neutral zone.
8:06 of 1st period - Slapshot by Carter Verhaeghe.
8:06 of 1st period - Shot Misses the Net.
8:44 of 1st period - Snap shot by Sam Colangelo.
8:44 of 1st period - Deflect By Fabian Lysell.
8:44 of 1st period - Goal by Fabian Lysell - San Jose Sharks : 0 - Boston Bruins : 2.
8:45 of 1st period - Jaden Schwartz wins face-off versus Alexander Wennberg in neutral zone.
9:14 of 1st period - Slapshot by Ilya Mikheyev.
9:14 of 1st period - Shot Misses the Net.
9:30 of 1st period - Wrist shot by Jaden Schwartz.
9:30 of 1st period - Shot Misses the Net.
9:32 of 1st period - Wrist shot by Alex Laferriere.
9:32 of 1st period - Stopped by Jacob Markstrom with a rebound.
9:34 of 1st period - Slapshot by Adam Wilsby.
9:34 of 1st period - Shot Blocked by Andre Burakovsky.
9:36 of 1st period - Slapshot by Alex Laferriere.
9:36 of 1st period - Stopped by Jacob Markstrom without a rebound.
9:37 of 1st period - Ryan Strome wins face-off versus Adam Henrique in San Jose Sharks zone.
10:02 of 1st period - Connor Murphy is hit by Beck Malenstyn and loses puck.
10:11 of 1st period - Snap shot by Fabian Lysell.
10:11 of 1st period - Shot Misses the Net.
10:13 of 1st period - Slapshot by Sam Colangelo.
10:13 of 1st period - Shot Misses the Net.
10:24 of 1st period - Icing by Connor Murphy.
10:25 of 1st period - Alexander Wennberg wins face-off versus Mark Kastelic in San Jose Sharks zone.
10:58 of 1st period - Wrist shot by Ilya Mikheyev.
10:58 of 1st period - Shot Blocked by Adam Wilsby.
11:14 of 1st period - Wrist shot by Danton Heinen.
11:14 of 1st period - Stopped by Leevi Merilainen with a rebound.
11:16 of 1st period - Slapshot by Marcus Pettersson.
11:16 of 1st period - Deflect By Brandon Tanev.
11:16 of 1st period - Stopped by Leevi Merilainen without a rebound.
11:17 of 1st period - Sam Colangelo wins face-off versus Danton Heinen in Boston Bruins zone.
11:22 of 1st period - Slapshot by Ty Emberson.
11:22 of 1st period - Stopped by Jacob Markstrom without a rebound.
11:23 of 1st period - Ryan Strome wins face-off versus Alexander Wennberg in San Jose Sharks zone.
11:57 of 1st period - Icing by Marcus Pettersson.
11:58 of 1st period - Morgan Geekie wins face-off versus Jaden Schwartz in San Jose Sharks zone.
11:58 of 1st period - Morgan Geekie is hit by Rasmus Sandin.
12:50 of 1st period - Snap shot by Max Domi.
12:50 of 1st period - Shot Misses the Net.
15:20 of 1st period - Wrist shot by Sam Colangelo.
15:20 of 1st period - Stopped by Jacob Markstrom with a rebound.
15:22 of 1st period - Wrist shot by Fabian Lysell.
15:22 of 1st period - Shot Blocked by Alexander Wennberg.
15:24 of 1st period - Slapshot by Rasmus Sandin.
15:24 of 1st period - Stopped by Jacob Markstrom without a rebound.
15:25 of 1st period - Jaden Schwartz wins face-off versus Adam Henrique in San Jose Sharks zone.
16:15 of 1st period - Off-side.
16:16 of 1st period - Alexander Wennberg wins face-off versus Mark Kastelic in neutral zone.
16:21 of 1st period - Snap shot by Carter Verhaeghe.
16:21 of 1st period - Stopped by Leevi Merilainen with a rebound.
16:35 of 1st period - Wrist shot by Carter Verhaeghe.
16:35 of 1st period - Shot Misses the Net.
16:37 of 1st period - Wrist shot by Carter Verhaeghe.
16:37 of 1st period - Shot Misses the Net.
17:29 of 1st period - Wrist shot by Carter Verhaeghe.
17:29 of 1st period - Goal by Carter Verhaeghe - San Jose Sharks : 1 - Boston Bruins : 2.
17:30 of 1st period - Jaden Schwartz wins face-off versus Adam Henrique in neutral zone.
17:41 of 1st period - Wrist shot by Alex Laferriere.
17:41 of 1st period - Deflect By Jake Neighbours.
17:41 of 1st period - Shot Misses the Net.
17:41 of 1st period - Puck is out of play.
17:42 of 1st period - Ryan Strome wins face-off versus Morgan Geekie in San Jose Sharks zone.
18:07 of 1st period - Connor Murphy is hit by Fabian Lysell and loses puck.
18:18 of 1st period - Adam Wilsby is hit by Josh Manson and loses puck.
18:33 of 1st period - Snap shot by Brandon Tanev.
18:33 of 1st period - Goal by Brandon Tanev - San Jose Sharks : 2 - Boston Bruins : 2.
18:34 of 1st period - Jaden Schwartz wins face-off versus Max Domi in neutral zone.
18:36 of 1st period - Off-side.
18:37 of 1st period - Adam Henrique wins face-off versus Jaden Schwartz in neutral zone.
19:20 of 1st period - Off-side.
19:21 of 1st period - Mark Kastelic wins face-off versus Mark Jankowski in neutral zone.
Goals for this period are 2 for San Jose Sharks vs 2 for Boston Bruins.
Shots for this period are 11 for San Jose Sharks vs 10 for Boston Bruins.
2nd period
0:01 of 2nd period - Morgan Geekie wins face-off versus Jaden Schwartz in neutral zone.
0:10 of 2nd period - Wrist shot by Ilya Mikheyev.
0:10 of 2nd period - Shot Misses the Net.
0:12 of 2nd period - Slapshot by Marcus Pettersson.
0:12 of 2nd period - Stopped by Leevi Merilainen without a rebound.
0:13 of 2nd period - Morgan Geekie wins face-off versus Jaden Schwartz in Boston Bruins zone.
0:14 of 2nd period - Wrist shot by Ilya Mikheyev.
0:14 of 2nd period - Deflect By Morgan Geekie.
0:14 of 2nd period - Shot Misses the Net.
0:14 of 2nd period - Puck is out of play.
0:15 of 2nd period - Morgan Geekie wins face-off versus Jaden Schwartz in Boston Bruins zone.
1:04 of 2nd period - Slapshot by Alexander Wennberg.
1:04 of 2nd period - Stopped by Leevi Merilainen with a rebound.
1:06 of 2nd period - Slapshot by Marcus Pettersson.
1:06 of 2nd period - Shot Blocked by Mark Kastelic.
1:08 of 2nd period - Slapshot by Connor Murphy.
1:08 of 2nd period - Shot Misses the Net.
1:10 of 2nd period - Slapshot by Marcus Pettersson.
1:10 of 2nd period - Deflect By Alexander Wennberg.
1:10 of 2nd period - Stopped by Leevi Merilainen without a rebound.
1:11 of 2nd period - Ryan Strome wins face-off versus Morgan Geekie in Boston Bruins zone.
2:18 of 2nd period - Mattias Samuelsson is hit by Ty Emberson and loses puck.
2:50 of 2nd period - Icing by Adam Wilsby.
2:51 of 2nd period - Ryan Strome wins face-off versus Morgan Geekie in Boston Bruins zone.
3:16 of 2nd period - Snap shot by Morgan Geekie.
3:16 of 2nd period - Stopped by Leevi Merilainen without a rebound.
3:17 of 2nd period - Alexander Wennberg wins face-off versus Jaden Schwartz in Boston Bruins zone.
4:05 of 2nd period - Slapshot by Rasmus Sandin.
4:05 of 2nd period - Deflect By Maxim Tsyplakov.
4:05 of 2nd period - Shot Misses the Net.
4:05 of 2nd period - Puck is out of play.
4:06 of 2nd period - Mark Jankowski wins face-off versus Ryan Strome in San Jose Sharks zone.
4:35 of 2nd period - Slapshot by Brandon Tanev.
4:35 of 2nd period - Stopped by Leevi Merilainen with a rebound.
5:10 of 2nd period - Off-side.
5:11 of 2nd period - Adam Henrique wins face-off versus Sam Colangelo in neutral zone.
5:24 of 2nd period - Andre Burakovsky is hit by Fabian Lysell and loses puck.
5:44 of 2nd period - Slapshot by Alexander Wennberg.
5:44 of 2nd period - Stopped by Leevi Merilainen with a rebound.
6:20 of 2nd period - Snap shot by Joel Farabee.
6:20 of 2nd period - Shot Misses the Net.
6:38 of 2nd period - Minor Penalty to Connor Murphy for Hooking.
6:39 of 2nd period - Kevin Fiala wins face-off versus Jaden Schwartz in San Jose Sharks zone.
6:49 of 2nd period - Backhand shot by Rasmus Sandin.
6:49 of 2nd period - Stopped by Jacob Markstrom without a rebound.
6:50 of 2nd period - Alexander Wennberg wins face-off versus Vladimir Tarasenko in San Jose Sharks zone.
6:50 of 2nd period - Alexander Wennberg is hit by Maxim Tsyplakov.
7:00 of 2nd period - Snap shot by Adam Henrique.
7:00 of 2nd period - Shot Misses the Net.
7:06 of 2nd period - Marcus Pettersson is hit by Rasmus Sandin and loses puck.
7:17 of 2nd period - Jake Neighbours is hit by Marcus Pettersson and loses puck.
7:50 of 2nd period - Kevin Fiala is hit by Ty Emberson and loses puck.
8:38 of 2nd period - Penalty to Connor Murphy is over, Connor Murphy is back on ice.
8:45 of 2nd period - Wrist shot by Fabian Lysell.
8:45 of 2nd period - Stopped by Jacob Markstrom without a rebound.
8:46 of 2nd period - Morgan Geekie wins face-off versus Sam Colangelo in San Jose Sharks zone.
8:55 of 2nd period - Fabian Lysell is hit by Ilya Mikheyev and loses puck.
9:12 of 2nd period - Mark Kastelic is hit by Connor Murphy and loses puck.
10:10 of 2nd period - Justin Barron is hit by Adam Wilsby and loses puck.
11:02 of 2nd period - Urho Vaakanainen is hit by Adam Henrique.
11:26 of 2nd period - Slapshot by Ryan Strome.
11:26 of 2nd period - Shot Misses the Net.
11:40 of 2nd period - Snap shot by Max Domi.
11:40 of 2nd period - Shot Blocked by John Marino.
11:42 of 2nd period - Minor Penalty to Mark Kastelic for Delaying the game.
11:43 of 2nd period - Alexander Wennberg wins face-off versus Vladimir Tarasenko in Boston Bruins zone.
13:42 of 2nd period - Penalty to Mark Kastelic is over, Mark Kastelic is back on ice.
13:55 of 2nd period - Snap shot by Beck Malenstyn.
13:55 of 2nd period - Deflect By Sam Colangelo.
13:55 of 2nd period - Shot Misses the Net.
13:55 of 2nd period - Puck is out of play.
13:56 of 2nd period - Sam Colangelo wins face-off versus Morgan Geekie in San Jose Sharks zone.
13:57 of 2nd period - Snap shot by Beck Malenstyn.
13:57 of 2nd period - Shot Blocked by Connor Murphy.
14:11 of 2nd period - Snap shot by Morgan Geekie.
14:11 of 2nd period - Shot Misses the Net.
14:25 of 2nd period - Snap shot by Joel Farabee.
14:25 of 2nd period - Stopped by Jacob Markstrom without a rebound.
14:26 of 2nd period - Mark Jankowski wins face-off versus Mark Kastelic in San Jose Sharks zone.
14:32 of 2nd period - Off-side.
14:33 of 2nd period - Adam Henrique wins face-off versus Jaden Schwartz in neutral zone.
14:35 of 2nd period - Off-side.
14:36 of 2nd period - Adam Henrique wins face-off versus Jaden Schwartz in neutral zone.
16:22 of 2nd period - Slapshot by Morgan Geekie.
16:22 of 2nd period - Stopped by Leevi Merilainen with a rebound.
16:38 of 2nd period - Snap shot by Alexander Wennberg.
16:38 of 2nd period - Deflect By Carter Verhaeghe.
16:38 of 2nd period - Shot Blocked by Mark Kastelic.
16:38 of 2nd period - Puck is out of play.
16:39 of 2nd period - Alexander Wennberg wins face-off versus Jaden Schwartz in Boston Bruins zone.
16:42 of 2nd period - Snap shot by Carter Verhaeghe.
16:42 of 2nd period - Stopped by Leevi Merilainen without a rebound.
16:43 of 2nd period - Jaden Schwartz wins face-off versus Alexander Wennberg in Boston Bruins zone.
17:00 of 2nd period - Snap shot by Carter Verhaeghe.
17:00 of 2nd period - Shot Blocked by John Marino.
17:42 of 2nd period - Snap shot by Anthony Beauvillier.
17:42 of 2nd period - Shot Misses the Net.
17:56 of 2nd period - Slapshot by Beck Malenstyn.
17:56 of 2nd period - Stopped by Jacob Markstrom with a rebound.
18:13 of 2nd period - Icing by Beck Malenstyn.
18:14 of 2nd period - Alexander Wennberg wins face-off versus Sam Colangelo in Boston Bruins zone.
19:07 of 2nd period - Backhand shot by Alex Laferriere.
19:07 of 2nd period - Stopped by Jacob Markstrom with a rebound.
19:09 of 2nd period - Slapshot by Alex Laferriere.
19:09 of 2nd period - Stopped by Jacob Markstrom with a rebound.
Goals for this period are 0 for San Jose Sharks vs 0 for Boston Bruins.
Shots for this period are 8 for San Jose Sharks vs 6 for Boston Bruins.
3rd period
0:01 of 3rd period - Jaden Schwartz wins face-off versus Adam Henrique in neutral zone.
0:14 of 3rd period - Wrist shot by Andre Burakovsky.
0:14 of 3rd period - Shot Misses the Net.
0:16 of 3rd period - Slapshot by Connor Murphy.
0:16 of 3rd period - Stopped by Leevi Merilainen with a rebound.
0:37 of 3rd period - Wrist shot by Kevin Fiala.
0:37 of 3rd period - Shot Blocked by Adam Wilsby.
1:28 of 3rd period - Snap shot by Max Domi.
1:28 of 3rd period - Deflect By Andre Burakovsky.
1:28 of 3rd period - Stopped by Leevi Merilainen without a rebound.
1:29 of 3rd period - Jaden Schwartz wins face-off versus Adam Henrique in Boston Bruins zone.
1:44 of 3rd period - Snap shot by Jaden Schwartz.
1:44 of 3rd period - Stopped by Jacob Markstrom with a rebound.
1:58 of 3rd period - Snap shot by Max Domi.
1:58 of 3rd period - Stopped by Leevi Merilainen with a rebound.
2:00 of 3rd period - Snap shot by Max Domi.
2:00 of 3rd period - Shot Misses the Net.
2:02 of 3rd period - Snap shot by Max Domi.
2:02 of 3rd period - Goal by Max Domi - San Jose Sharks : 3 - Boston Bruins : 2.
2:03 of 3rd period - Alexander Wennberg wins face-off versus Ryan Strome in neutral zone.
2:08 of 3rd period - Snap shot by Kevin Fiala.
2:08 of 3rd period - Stopped by Leevi Merilainen without a rebound.
2:09 of 3rd period - Alexander Wennberg wins face-off versus Ryan Strome in Boston Bruins zone.
2:18 of 3rd period - Snap shot by Kevin Fiala.
2:18 of 3rd period - Stopped by Leevi Merilainen with a rebound.
2:20 of 3rd period - Wrist shot by Alexander Wennberg.
2:20 of 3rd period - Shot Misses the Net.
2:24 of 3rd period - Snap shot by Alexander Wennberg.
2:24 of 3rd period - Deflect By Carter Verhaeghe.
2:24 of 3rd period - Shot Misses the Net.
2:24 of 3rd period - Puck is out of play.
2:25 of 3rd period - Jaden Schwartz wins face-off versus Adam Henrique in Boston Bruins zone.
3:56 of 3rd period - Snap shot by Andre Burakovsky.
3:56 of 3rd period - Stopped by Leevi Merilainen with a rebound.
4:00 of 3rd period - Snap shot by Max Domi.
4:00 of 3rd period - Shot Misses the Net.
4:02 of 3rd period - Slapshot by Andre Burakovsky.
4:02 of 3rd period - Shot Blocked by Adam Wilsby.
4:04 of 3rd period - Slapshot by Mattias Samuelsson.
4:04 of 3rd period - Stopped by Leevi Merilainen with a rebound.
4:06 of 3rd period - Snap shot by Mattias Samuelsson.
4:06 of 3rd period - Stopped by Leevi Merilainen with a rebound.
4:37 of 3rd period - Minor Penalty to Rasmus Sandin for Cross-checking.
4:38 of 3rd period - Alex Laferriere wins face-off versus Adam Henrique in Boston Bruins zone.
5:10 of 3rd period - Ryan Strome is hit by Max Domi and loses puck.
5:23 of 3rd period - Vladimir Tarasenko is hit by Max Domi.
5:37 of 3rd period - Snap shot by Max Domi.
5:37 of 3rd period - Deflect By Vladimir Tarasenko.
5:37 of 3rd period - Stopped by Leevi Merilainen with a rebound.
5:39 of 3rd period - Wrist shot by Max Domi.
5:39 of 3rd period - Deflect By Andre Burakovsky.
5:39 of 3rd period - Shot Misses the Net.
5:39 of 3rd period - Puck is out of play.
5:40 of 3rd period - Alexander Wennberg wins face-off versus Ryan Strome in Boston Bruins zone.
5:47 of 3rd period - Slapshot by Alexander Wennberg.
5:47 of 3rd period - Stopped by Leevi Merilainen with a rebound.
5:49 of 3rd period - Snap shot by Justin Barron.
5:49 of 3rd period - Stopped by Leevi Merilainen with a rebound.
5:51 of 3rd period - Slapshot by Kevin Fiala.
5:51 of 3rd period - Deflect By Carter Verhaeghe.
5:51 of 3rd period - Stopped by Leevi Merilainen with a rebound.
5:53 of 3rd period - Wrist shot by Alexander Wennberg.
5:53 of 3rd period - Stopped by Leevi Merilainen with a rebound.
5:55 of 3rd period - Wrist shot by Kevin Fiala.
5:55 of 3rd period - Stopped by Leevi Merilainen with a rebound.
5:57 of 3rd period - Wrist shot by Alexander Wennberg.
5:57 of 3rd period - Shot Blocked by Alex Laferriere.
6:37 of 3rd period - Penalty to Rasmus Sandin is over, Rasmus Sandin is back on ice.
7:46 of 3rd period - Snap shot by Brandon Tanev.
7:46 of 3rd period - Shot Misses the Net.
8:03 of 3rd period - Slapshot by Vladimir Tarasenko.
8:03 of 3rd period - Stopped by Jacob Markstrom with a rebound.
8:05 of 3rd period - Wrist shot by Vladimir Tarasenko.
8:05 of 3rd period - Shot Misses the Net.
8:07 of 3rd period - Slapshot by Adam Wilsby.
8:07 of 3rd period - Shot Misses the Net.
8:09 of 3rd period - Slapshot by Adam Wilsby.
8:09 of 3rd period - Deflect By Maxim Tsyplakov.
8:09 of 3rd period - Stopped by Jacob Markstrom without a rebound.
8:10 of 3rd period - Jaden Schwartz wins face-off versus Adam Henrique in San Jose Sharks zone.
8:39 of 3rd period - Off-side.
8:40 of 3rd period - Alexander Wennberg wins face-off versus Mark Kastelic in neutral zone.
8:55 of 3rd period - Slapshot by Joel Farabee.
8:55 of 3rd period - Stopped by Jacob Markstrom with a rebound.
8:57 of 3rd period - Wrist shot by Mark Kastelic.
8:57 of 3rd period - Shot Misses the Net.
8:59 of 3rd period - Snap shot by Ty Emberson.
8:59 of 3rd period - Stopped by Jacob Markstrom with a rebound.
9:01 of 3rd period - Slapshot by Ty Emberson.
9:01 of 3rd period - Stopped by Jacob Markstrom with a rebound.
9:03 of 3rd period - Slapshot by Viktor Arvidsson.
9:03 of 3rd period - Stopped by Jacob Markstrom without a rebound.
9:04 of 3rd period - Jaden Schwartz wins face-off versus Andre Burakovsky in San Jose Sharks zone.
9:11 of 3rd period - Backhand shot by Jake Neighbours.
9:11 of 3rd period - Shot Blocked by Marcus Pettersson.
9:13 of 3rd period - Minor Penalty to Connor Murphy for Boarding.
9:14 of 3rd period - Ryan Strome wins face-off versus Kevin Fiala in San Jose Sharks zone.
10:19 of 3rd period - Kevin Fiala is hit by Jaden Schwartz and loses puck.
10:46 of 3rd period - Wrist shot by Alex Laferriere.
10:46 of 3rd period - Goal by Alex Laferriere - San Jose Sharks : 3 - Boston Bruins : 3.
10:47 of 3rd period - Adam Henrique wins face-off versus Ryan Strome in neutral zone.
11:02 of 3rd period - Snap shot by Ryan Strome.
11:02 of 3rd period - Stopped by Jacob Markstrom without a rebound.
11:03 of 3rd period - Mark Kastelic wins face-off versus Alexander Wennberg in San Jose Sharks zone.
11:24 of 3rd period - Minor Penalty to Connor Murphy for Tripping.
11:25 of 3rd period - Vladimir Tarasenko wins face-off versus Kevin Fiala in San Jose Sharks zone.
11:28 of 3rd period - Slapshot by Maxim Tsyplakov.
11:28 of 3rd period - Goal by Maxim Tsyplakov - San Jose Sharks : 3 - Boston Bruins : 4.
11:29 of 3rd period - Adam Henrique wins face-off versus Jaden Schwartz in neutral zone.
11:58 of 3rd period - Wrist shot by Alexander Wennberg.
11:58 of 3rd period - Stopped by Leevi Merilainen without a rebound.
11:59 of 3rd period - Ryan Strome wins face-off versus Alexander Wennberg in Boston Bruins zone.
12:04 of 3rd period - Wrist shot by Carter Verhaeghe.
12:04 of 3rd period - Deflect By Alexander Wennberg.
12:04 of 3rd period - Stopped by Leevi Merilainen with a rebound.
12:08 of 3rd period - Snap shot by Alexander Wennberg.
12:08 of 3rd period - Shot Misses the Net.
12:10 of 3rd period - Snap shot by Josh Manson.
12:10 of 3rd period - Deflect By Carter Verhaeghe.
12:10 of 3rd period - Shot Misses the Net.
12:10 of 3rd period - Puck is out of play.
12:11 of 3rd period - Jake Neighbours wins face-off versus Morgan Geekie in Boston Bruins zone.
12:15 of 3rd period - Off-side.
12:16 of 3rd period - Morgan Geekie wins face-off versus Jaden Schwartz in neutral zone.
12:49 of 3rd period - Backhand shot by Vladimir Tarasenko.
12:49 of 3rd period - Stopped by Jacob Markstrom without a rebound.
12:50 of 3rd period - Jaden Schwartz wins face-off versus Alexander Wennberg in San Jose Sharks zone.
13:05 of 3rd period - Mattias Samuelsson is hit by Rasmus Sandin.
13:15 of 3rd period - Connor Murphy is hit by Viktor Arvidsson and loses puck.
13:28 of 3rd period - Snap shot by Kevin Fiala.
13:28 of 3rd period - Shot Blocked by John Marino.
13:44 of 3rd period - Snap shot by Kevin Fiala.
13:44 of 3rd period - Shot Misses the Net.
13:46 of 3rd period - Slapshot by Alexander Wennberg.
13:46 of 3rd period - Shot Blocked by Rasmus Sandin.
13:48 of 3rd period - Slapshot by Alexander Wennberg.
13:48 of 3rd period - Stopped by Leevi Merilainen with a rebound.
13:50 of 3rd period - Slapshot by Marcus Pettersson.
13:50 of 3rd period - Shot Blocked by John Marino.
13:52 of 3rd period - Snap shot by Kevin Fiala.
13:52 of 3rd period - Stopped by Leevi Merilainen with a rebound.
14:04 of 3rd period - Wrist shot by Kevin Fiala.
14:04 of 3rd period - Deflect By Rasmus Sandin.
14:04 of 3rd period - Stopped by Leevi Merilainen with a rebound.
14:12 of 3rd period - Snap shot by Alexander Wennberg.
14:12 of 3rd period - Shot Misses the Net.
14:25 of 3rd period - Minor Penalty to Mark Kastelic for Cross-checking.
14:26 of 3rd period - Adam Henrique wins face-off versus Vladimir Tarasenko in Boston Bruins zone.
16:25 of 3rd period - Penalty to Mark Kastelic is over, Mark Kastelic is back on ice.
16:48 of 3rd period - Snap shot by Sam Colangelo.
16:48 of 3rd period - Stopped by Jacob Markstrom with a rebound.
16:50 of 3rd period - Snap shot by Beck Malenstyn.
16:50 of 3rd period - Goal by Beck Malenstyn - San Jose Sharks : 3 - Boston Bruins : 5.
16:51 of 3rd period - Mark Kastelic wins face-off versus Alexander Wennberg in neutral zone.
17:18 of 3rd period - Max Domi is hit by Ty Emberson and loses puck.
17:43 of 3rd period - Snap shot by Ilya Mikheyev.
17:43 of 3rd period - Shot Misses the Net.
18:03 of 3rd period - Kevin Fiala is hit by Ryan Strome and loses puck.
18:18 of 3rd period - Brandon Tanev is hit by Urho Vaakanainen and loses puck.
18:44 of 3rd period - Snap shot by Viktor Arvidsson.
18:44 of 3rd period - Deflect By Joel Farabee.
18:44 of 3rd period - Stopped by Jacob Markstrom with a rebound.
19:06 of 3rd period - Backhand shot by Beck Malenstyn.
19:06 of 3rd period - Stopped by Jacob Markstrom without a rebound.
19:07 of 3rd period - Alexander Wennberg wins face-off versus Jaden Schwartz in San Jose Sharks zone.
19:12 of 3rd period - Snap shot by Jaden Schwartz.
19:12 of 3rd period - Stopped by Jacob Markstrom with a rebound.
19:14 of 3rd period - Wrist shot by Jaden Schwartz.
19:14 of 3rd period - Stopped by Jacob Markstrom with a rebound.
19:16 of 3rd period - Snap shot by Jaden Schwartz.
19:16 of 3rd period - Deflect By Alex Laferriere.
19:16 of 3rd period - Shot Misses the Net.
19:16 of 3rd period - Puck is out of play.
19:17 of 3rd period - Jaden Schwartz wins face-off versus Morgan Geekie in San Jose Sharks zone.
19:18 of 3rd period - Snap shot by Jake Neighbours.
19:18 of 3rd period - Stopped by Jacob Markstrom without a rebound.
19:19 of 3rd period - Mark Kastelic wins face-off versus Morgan Geekie in San Jose Sharks zone.
19:28 of 3rd period - Snap shot by Joel Farabee.
19:28 of 3rd period - Stopped by Jacob Markstrom with a rebound.
Goals for this period are 1 for San Jose Sharks vs 3 for Boston Bruins.
Shots for this period are 20 for San Jose Sharks vs 19 for Boston Bruins.
Back to the Top